cohdb
Replays
Latest Replays
All Replays
Popular Replays
Top Player Replays
Match Explorer
How It Works
Community
CoH3 Stats
Reddit
Sign in to upload your games and track your stats! →
Sign in with Steam
Match 45812773
Unlisted
Match 45812773
Overview
Messages
Build Orders
End
Kradschützen Motorcycle Team
Panzergrenadier Squad
Panzerpioneer Squad
Panzergrenadier Squad
Construct Light Support Kompanie
Fire Support Elements
MG34 Team
Flakvierling Half-track
Panzergrenadier Squad
Panzerjäger Mechanized Group
Selects Panzerjäger Kommand Battlegroup
Selects Panzerjäger Kommand Battlegroup
Selects Tank Busters
Panzerjäger Squad
Pak 38 Anti-tank Gun Team
Construct Panzerarmee Kommand
Construct Mechanized Kompanie
Grand.G
Chris
0
0
Comments
sign in to comment!
No comments posted yet!